 Dungeon Crawl Stone Soup version 0.26-a0-812-g31a745ddcd (webtiles) character file.

Game seed: 9645436908761118123

1049 Flubbersnuff the Skirmisher (level 8, -1/71 HPs)
             Began as a Minotaur Berserker on Dec 6, 2020.
             Was a Priest of Trog.
             Slain by a two-headed ogre
             ... wielding a +0 giant spiked club
              (20 damage)
             ... on level 5 of the Dungeon.
             The game lasted 00:13:35 (5582 turns).

Flubbersnuff the Skirmisher (Minotaur Berserker)    Turns: 5582, Time: 00:13:35

Health: -1/71      AC: 15    Str: 23    XL:     8   Next: 5%
Magic:  7/7        EV:  9    Int:  4    God:    Trog [***...]
Gold:   358        SH:  0    Dex: 11    Spells: 7/7 levels left

rFire    x . .     SeeInvis .   h - +1 whip (venom)
rCold    + . .     Faith    .   (no shield)
rNeg     . . .     Spirit   .   n - +1 plate armour
rPois    .         Reflect  .   a - +2 hat
rElec    .         Harm     .   (no cloak)
rCorr    .         Rampage  .   (no gloves)
MR       .....                  (no boots)
Stlth    ..........             (no amulet)
HPRegen  0.21/turn              k - ring of ice
MPRegen  0.10/turn              (no ring)

@: berserk cooldown, slowed, very slow
A: retaliatory headbutt, horns 2
a: Berserk, Trog's Hand, Renounce Religion


You were on level 5 of the Dungeon.
You worshipped Trog.
Trog was most pleased with you.
You visited 1 branch of the dungeon, and saw 5 of its levels.

You collected 358 gold pieces.

Inventory:

Hand Weapons
 h - a +1 whip of venom (weapon)
Armour
 a - a +2 hat (worn)
 n - a +1 plate armour (worn)
Jewellery
 k - a ring of ice (left hand)
Wands
 j - a wand of polymorph (7)
 m - a wand of acid (7)
Scrolls
 b - a scroll of identify
 g - a scroll of enchant armour
 l - 5 scrolls of remove curse
Potions
 c - a potion of haste
 d - a potion of might {unknown}
 e - a potion of flight
 f - a potion of curing
 i - a potion of ambrosia
 o - 2 potions of attraction {unknown}
 p - a potion of lignification {unknown}
 q - a potion of magic {unknown}
 r - 2 potions of cancellation {unknown}


   Skills:
 + Level 6.7 Fighting
 + Level 6.7 Maces & Flails
 + Level 6.0 Armour
 + Level 5.5 Dodging


You had 7 spell levels left.
You didn't know any spells.
Your spell library was empty.

Dungeon Overview and Level Annotations

Branches:
Dungeon (5/15)
 Temple: D:4-7

Altars:
Cheibriados
Dithmenos
Fedhas
Okawaru
Qazlal
Ru


Innate Abilities, Weirdness & Mutations

You reflexively headbutt those who attack you in melee.
You have a pair of horns on your head.


Message History

Your headbutt misses the two-headed ogre.
Your plate armour prevents you from hitting the two-headed ogre.
You closely miss the two-headed ogre.
The two-headed ogre is lightly wounded.
The two-headed ogre hits you with a +0 giant spiked club!!
The two-headed ogre completely misses you.
You are too injured to fight recklessly!
You are too injured to fight recklessly!
You are too injured to fight recklessly!
You feel a strong urge to attack something.
You feel your anger nearly subside.
You are no longer berserk.
You are exhausted.
You feel yourself slow down.
There is an open door here.
The two-headed ogre hits you with a +0 giant spiked club!
* * * LOW HITPOINT WARNING * * *
The two-headed ogre hits you but does no damage.
The two-headed ogre hits you with a +0 giant spiked club!!
You die...

.#####'###.....# ...#.≈.≈########
##.##≈.≈.########## .#
.#.#.≈.≈###.......# .+
.#.##≈.≈.##.......# .#
...#.≈.≈##........# .#
...##≈.≈.###'#...## .+
..####_###<..#...#### .#
....####.#####..@O..###########..
....................'............
...###########......#######.###.#
...# #...###### #.###.# .#.#
#........# #..<### .#.##
##.......# #.### .#..# #.......#
#...# .##.# #.......# #.#.##
###.# #......†# #.#..#


You could see a two-headed ogre (poisoned).

Vanquished Creatures
  A slime creature (D:5)
  A centaur (D:5)
  3 big kobolds (D:5)
  2 jellies (D:5)
  An iguana (D:4)
  A worker ant (D:4)
  A hound zombie (D:5)
  Robin (D:2)
  6 gnolls
  6 adders
  5 oozes (D:5)
  5 worms
  2 dart slugs
  4 leopard geckos
  5 orcs
  A ball python (D:3)
  9 bats
  7 giant cockroaches
  17 goblins
  5 hobgoblins
  6 frilled lizards
  11 kobolds
  7 rats
107 creatures vanquished.

Vanquished Creatures (others)
  3 fungi (D:5)
  11 toadstools (D:5)
14 creatures vanquished.

Grand Total: 121 creatures vanquished

Notes
Turn   | Place    | Note
-------+----------+-------------------------------------------
     0 | D:1      | Flubbersnuff the Minotaur Berserker began the quest for the
                  | Orb.
     0 | D:1      | Reached XP level 1. HP: 19/19 MP: 0/0
   242 | D:1      | Reached XP level 2. HP: 27/27 MP: 1/1
   675 | D:1      | You fall into a shaft and drop 1 floor!
   691 | D:2      | Reached XP level 3. HP: 27/33 MP: 2/2
   830 | D:2      | Reached ** piety under Trog
   910 | D:2      | Found a sacrificial altar of Ru.
  1184 | D:2      | Reached XP level 4. HP: 32/41 MP: 3/3
  1724 | D:2      | Noticed Robin
  1756 | D:2      | Killed Robin
  2645 | D:3      | Reached XP level 5. HP: 47/47 MP: 4/4
  2672 | D:3      | Found a stormy altar of Qazlal.
  2837 | D:3      | Found a shadowy altar of Dithmenos.
  2847 | D:3      | Found a snail-covered altar of Cheibriados.
  3877 | D:4      | Reached *** piety under Trog
  3993 | D:4      | Found a blossoming altar of Fedhas.
  4223 | D:4      | Reached skill level 5 in Fighting
  4251 | D:4      | Reached skill level 5 in Maces & Flails
  4360 | D:5      | Entered Level 5 of the Dungeon
  4595 | D:5      | Noticed a centaur
  4600 | D:5      | Killed a centaur
  4600 | D:5      | Reached XP level 6. HP: 35/56 MP: 5/5
  4945 | D:5      | Reached skill level 5 in Armour
  4945 | D:5      | Reached XP level 7. HP: 62/62 MP: 6/6
  4963 | D:5      | Noticed a slime creature
  4965 | D:5      | Noticed a slime creature
  4984 | D:5      | Killed a large slime creature
  4984 | D:5      | Reached skill level 5 in Dodging
  4986 | D:5      | Reached XP level 8. HP: 16/71 MP: 7/7
  5405 | D:5      | Found an iron altar of Okawaru.
  5563 | D:5      | Noticed a two-headed ogre
  5582 | D:5      | Slain by a two-headed ogre

Illustrated notes

Levels and vault maps discovered:
D:1:      psy_arrival_basics, layout_basic, minmay_pentomino_v2
D:2:      layout_basic, nicolae_ru_path_of_blood, uniq_robin
D:3:      layout_basic, amethyst_overflow_temple_binary,
          nicolae_qazlal_general_emergency
D:4:      layout_basic, fedhas_altar_1
D:5:      cheibrodos_fertilizer, layout_basic, kennysheep_little_box,
          okawaru_altar_gauntlet_db, minmay_misc_feat_rows,
          uniq_crazy_yiuf_cottage

Skill      XL: |  1  2  3  4  5  6  7 |
---------------+----------------------+-----
Fighting       | 4 5 6 |  6.7
Maces & Flails | 4 5 6 |  6.7
Armour         | 3 4 5 6 |  6.0
Dodging        | 3 4 5 |  5.5

Action                   |  1- 3 |  4- 6 |  7- 9 || total
-------------------------+-------+-------+-------++-------
Melee: Mace              |    18 |       |       ||    18
       Headbutt          |     9 |    27 |    14 ||    50
       Whip              |    48 |   148 |    51 ||   247
Invok: Berserk           |       |     1 |     2 ||     3
  Use: Scroll            |       |     9 |       ||     9
Armor: Animal skin       |     5 |       |       ||     5
       Scale mail        |    25 |    29 |       ||    54
       Plate armour      |       |    53 |    18 ||    71
Dodge: Dodged            |    38 |    71 |    11 ||   120

Table legend: (Time is in decaauts)
 A = Elapsed time spent in this place.
 B = Non-inter-level travel time spent in this place.
 C = Inter-level travel time spent in this place.
 D = Time resting spent in this place.
 E = Time spent auto-exploring this place.
 F = Levels seen in this place.
 G = Mean time per level.
                   A        B        C        D        E       F      G
               +--------+--------+--------+--------+--------+-----+--------+
         Total |   5578 |   5133 |    445 |   1302 |   2653 |   5 | 1115.6 |
       Dungeon |   5578 |   5133 |    445 |   1302 |   2653 |   5 | 1115.6 |
               +--------+--------+--------+--------+--------+-----+--------+

Top non-repeatable levels by time:
     D:2: 1534 daAuts
     D:5: 1065 daAuts
     D:4: 1025 daAuts
     D:3: 989 daAuts
     D:1: 962 daAuts
